 Dungeon Crawl Stone Soup version 0.29-a0-284-gf9362112df (webtiles) character file.

Game seed: 17266049420010147130

4136 yunder69 the Fighter (level 10, -2/91 HPs)
             Began as a Minotaur Berserker on Mar 25, 2022.
             Was a Priest of Trog.
             Slain by a tengu warrior
             ... wielding a +0 war axe
              (4 damage)
             ... on level 9 of the Dungeon.
             The game lasted 00:24:08 (8634 turns).

yunder69 the Fighter (Minotaur Berserker)           Turns: 8634, Time: 00:24:11

Health: -2/91      AC: 12    Str: 27    XL:     10   Next: 6%
Magic:  9/9        EV: 13    Int: 14    God:    Trog [***...]
Gold:   427        SH:  0    Dex: 11    Spells: 9/9 levels left

rFire   + . .      SeeInvis .   K - +0 glaive (vamp)
rCold   + + .      Faith    .   (shield currently unavailable)
rNeg    . . .      Spirit   .   I - +1 scale mail
rPois   .          Reflect  .   (helmet restricted)
rElec   .          Harm     .   c - scarf {rC+ rF+}
rCorr   .          Rampage  .   g - +2 pair of gloves
Will    .....                   (no boots)
Stlth   ..........              h - amulet "Ucwupt" {Acrobat rC+}
HPRegen 0.25/turn               d - +6 ring of strength
MPRegen 0.11/turn               B - +6 ring of intelligence

@: mighty, on berserk cooldown, slowed, very slow
A: horns 2, retaliatory headbutt
a: Renounce Religion, Berserk, Trog's Hand


You were on level 9 of the Dungeon.
You worshipped Trog.
Trog was most pleased with you.
You visited 1 branch of the dungeon, and saw 9 of its levels.

You collected 427 gold pieces.

Inventory:

Hand Weapons
 y - a +0 shortbow
 C - a +1 mace of distortion
 J - a +1 trident
 K - a +0 vampiric glaive (weapon)
Missiles
 p - 7 boomerangs (quivered)
 A - a throwing net
 H - 278 stones
Armour
 c - a scarf of resistance (worn)
 g - a +2 pair of gloves (worn)
 I - a +1 scale mail (worn)
Jewellery
 d - a +6 ring of strength (left hand)
 h - the amulet "Ucwupt" (around neck) {Acrobat rC+}
   (You found it on level 5 of the Dungeon)

   [amulet of the acrobat]

   It increases your evasion while moving and waiting.
   rC:        It protects you from cold.
 u - an amulet of the acrobat
 B - a +6 ring of intelligence (right hand)
Wands
 k - a wand of acid (7)
 o - a wand of mindburst (8)
 s - a wand of flame (28)
 x - a wand of iceblast (7)
Scrolls
 i - 2 scrolls of amnesia
 m - 4 scrolls of teleportation
 w - 2 scrolls of magic mapping
 F - a scroll of enchant armour
 M - a scroll of enchant weapon
Potions
 b - 3 potions of attraction
 f - a potion of curing {unknown}
 j - 3 potions of brilliance
 n - 3 potions of flight
 q - a potion of haste
 t - a potion of might
 v - 3 potions of lignification
 z - 2 potions of mutation
 L - a potion of magic {unknown}
 O - a potion of degeneration {unknown}


   Skills:
 + Level 9.5 Fighting
 + Level 9.5 Polearms
 + Level 9.1 Armour
 + Level 8.3 Dodging


You had 9 spell levels left.
You didn't know any spells.
Your spell library contained the following spells:

 Spells                   Type           Power      Damage    Failure   Level
 Magic Dart               Conj           0%         1d3       50%         1
 Call Imp                 Summ           0%         N/A       65%         2
 Sublimation of Blood     Necr           0%         N/A       65%         2
 Mephitic Cloud           Conj/Pois/Air  0%         N/A       86%         3
 Petrify                  Tmut/Erth      0%         N/A       99%         4
 Irradiate                Conj/Tmut      0%         3d13      100%        5


Dungeon Overview and Level Annotations

Branches:
Dungeon (9/15)             Temple (0/1) D:5
   Lair: D:8-11         Orc: D:9-12

Altars:
Cheibriados
Dithmenos
Elyvilon
Hepliaklqana
Sif Muna
Uskayaw
Xom

Shops:
D:4 *[


Innate Abilities, Weirdness & Mutations

You have a pair of horns on your head.
You reflexively headbutt those who attack you in melee.


Message History

The tengu warrior pecks your black bear.
The tengu warrior claws your black bear but does no damage.
Your black bear bites the tengu warrior but does no damage.
The tengu warrior blocks your black bear's attack.
Your black bear barely misses the tengu warrior.
You miss the tengu warrior.
The tengu warrior is severely wounded.
Your black bear bites the tengu warrior!
The tengu warrior blocks your black bear's attack. x2
The tengu warrior hits your black bear with a +0 war axe!
The tengu warrior hits you with a +0 war axe.
The tengu warrior pecks your black bear.
Your black bear dies!
Your black bear's corpse disappears in a puff of smoke!
The tengu warrior closely misses you.
The tengu warrior pecks you but does no damage.
The tengu warrior claws you but does no damage.
The tengu warrior blocks your attack.
The tengu warrior is almost dead.
The tengu warrior hits you with a +0 war axe!
* * * LOW HITPOINT WARNING * * *
The tengu warrior pecks you but does no damage.
The tengu warrior claws you but does no damage.
The tengu warrior hits you with a +0 war axe.
* * * LOW HITPOINT WARNING * * *
The tengu warrior pecks you but does no damage.
The tengu warrior claws you but does no damage.
You feel very mighty all of a sudden.
The tengu warrior hits you with a +0 war axe.
* * * LOW HITPOINT WARNING * * *
The tengu warrior pecks you.
* * * LOW HITPOINT WARNING * * *
The tengu warrior claws you but does no damage.
You barely miss the tengu warrior.
The tengu warrior is almost dead.
The tengu warrior hits you with a +0 war axe!
* * * LOW HITPOINT WARNING * * *
The tengu warrior pecks you but does no damage.
The tengu warrior claws you.
You die...

#..# #.# #..# #.# #..#
#.# #..# #.# #..# #.#
...# #.# #
...##########.#####.####
#..............)Q.......
#..............†@†......
#........>..............
#######.................
#..#####..######.. ##.#
#### . #.# #.# #.# #.#


You could see a tengu warrior.

Vanquished Creatures
  A two-headed ogre (D:4)
  Prince Ribbit (D:7)
  Grinder (D:4)
  A wyvern (D:8)
  4 yaks (D:9)
  Menkaure (D:5)
  3 ice beasts
  A black bear (D:5)
  A sky beast (D:8)
  An orc warrior (D:6)
  6 centaurs
  A phantom (D:4)
  A kobold brigand (D:8)
  A necrophage (D:7)
  A scorpion (D:4)
  3 wights (D:6)
  A howler monkey (D:5)
  2 hounds
  A gnoll shaman (D:7)
  5 orc priests
  A jelly (D:8)
  Jessica (D:2)
  Ijyb (D:3)
  Terence (D:2)
  2 iguanas
  6 orc wizards
  A mummy (D:8)
  5 gnolls (D:7)
  12 adders
  A river rat (D:3)
  A shadow imp (D:6)
  A white imp (D:6)
  3 worms
  5 dart slugs
  18 orcs
  3 bats
  3 endoplasms
  6 giant cockroaches
  9 goblins
  7 hobgoblins
  4 jackals (D:2)
  2 quokkas
  8 ball pythons
  3 frilled lizards
  9 kobolds
  8 rats
158 creatures vanquished.

Notes
Turn   | Place    | Note
-------+----------+-------------------------------------------
     0 | D:1      | yunder69 the Minotaur Berserker began the quest for the
                  | Orb.
     0 | D:1      | Reached XP level 1. HP: 19/19 MP: 0/0
   300 | D:1      | Reached XP level 2. HP: 27/27 MP: 1/1
   443 | D:1      | Found a faded altar of an unknown god.
  1114 | D:2      | Found a shadowy altar of Dithmenos.
  1187 | D:2      | Reached XP level 3. HP: 30/33 MP: 2/2
  1230 | D:2      | Reached ** piety under Trog
  1524 | D:2      | Noticed Terence
  1533 | D:2      | Killed Terence
  1534 | D:2      | Reached XP level 4. HP: 41/41 MP: 3/3
  2036 | D:2      | Noticed Jessica
  2042 | D:2      | Killed Jessica
  2099 | D:3      | Found a white marble altar of Elyvilon.
  2327 | D:3      | Found a shimmering altar of Xom.
  2328 | D:3      | Found a hazy altar of Hepliaklqana.
  2329 | D:3      | Noticed a spectral ugly thing
  2384 | D:3      | Reached XP level 5. HP: 47/47 MP: 4/4
  2414 | D:3      | Found a glowing drain.
  2659 | D:3      | Noticed Ijyb
  2672 | D:3      | Killed Ijyb
  2679 | D:3      | Reached skill level 5 in Fighting
  3153 | D:4      | Found a shimmering blue altar of Sif Muna.
  3157 | D:4      | Reached *** piety under Trog
  3158 | D:4      | Reached skill level 5 in Polearms
  3190 | D:4      | Found Mydgh's Assorted Antiques.
  3198 | D:4      | Noticed a centaur
  3207 | D:4      | Killed a centaur
  3208 | D:4      | Reached XP level 6. HP: 56/56 MP: 5/5
  3350 | D:4      | Noticed Grinder
  3356 | D:4      | Killed Grinder
  3357 | D:4      | Reached skill level 5 in Armour
  3357 | D:4      | Reached XP level 7. HP: 62/62 MP: 6/6
  3461 | D:4      | Found Sedeg's Antique Armour Shop.
  3618 | D:4      | Noticed a two-headed ogre
  3627 | D:4      | Killed a two-headed ogre
  3628 | D:4      | Reached skill level 5 in Dodging
  3628 | D:4      | Reached XP level 8. HP: 56/71 MP: 7/7
  3996 | D:5      | Entered Level 5 of the Dungeon
  4089 | D:5      | Noticed Menkaure
  4097 | D:5      | Killed Menkaure
  4329 | D:5      | Identified the amulet "Ucwupt" {Acrobat rC+}
  4635 | D:5      | Found a staircase to the Ecumenical Temple.
  5146 | D:6      | Reached XP level 9. HP: 80/81 MP: 8/8
  6435 | D:7      | Noticed Prince Ribbit
  6451 | D:7      | Killed Prince Ribbit
  6523 | D:7      | Reached **** piety under Trog
  6721 | D:7      | Found a hide-covered altar of Uskayaw.
  6721 | D:7      | Noticed a +0 spear
  6721 | D:7      | Noticed a +0 dagger
  6722 | D:7      | Noticed a +0 dagger
  6723 | D:7      | Noticed a +0 falchion
  6723 | D:7      | Noticed a +0 short sword
  6723 | D:7      | Noticed a +0 falchion
  6724 | D:7      | Noticed a +0 spear
  6725 | D:7      | Noticed a +0 short sword
  8336 | D:8      | Found a snail-covered altar of Cheibriados.
  8341 | D:8      | Identified a scroll of acquirement
  8341 | D:8      | Acquired a +0 vampiric glaive
  8595 | D:9      | Noticed a tengu warrior
  8610 | D:9      | Reached XP level 10. HP: 53/91 MP: 9/9
  8620 | D:9      | HP: 6/136 [tengu warrior/+0 war axe (2)]
  8625 | D:9      | HP: 3/91 [tengu warrior/+0 war axe (2)]
  8634 | D:9      | HP: 2/91 [tengu warrior/+0 war axe (7)]
  8634 | D:9      | Slain by a tengu warrior

Illustrated notes

Levels and vault maps discovered:
D:1:      sevenhm_arrival_forest_fort_small_4, layout_loops_corners,
          shapermc_ecumenical_altar_mp_ritualfount
D:2:      layout_loops_ring, basic_altar, uniq_terence, uniq_jessica
D:3:      layout_basic, regret_index_temple_of_mockery,
          mainiacjoe_overflow_cross_hatched, portal_sewer_entry_a, uniq_ijyb
D:4:      layout_rooms, old_standard_altar, serial_shops, shop_statue, shop,
          uniq_grinder
D:5:      layout_rooms, minmay_temple_entry_statues_pillars, uniq_menkaure
D:6:      layout_cave_pools
D:7:      layout_basic, nicolae_uskayaw_en_pointe, amcnicky_mini_pool_small,
          dreamdust_mushroom_princess, uniq_prince_ribbit1
D:8:      layout_loops_ring, slow_altar_2
D:9:      layout_irregular_city, nzn_wu_jian_contemplation, uniq_erolcha

Skill      XL: |  1  2  3  4  5  6  7  8  9 |
---------------+----------------------------+-----
Fighting       | 4 5 6 7 9 |  9.5
Polearms       | 4 5 6 7 9 |  9.5
Armour         | 3 4 5 6 7 9 |  9.1
Dodging        | 3 4 5 6 8 |  8.3

Action                   |  1- 3 |  4- 6 |  7- 9 | 10-12 || total
-------------------------+-------+-------+-------+-------++-------
Melee: Spear             |    92 |   115 |    92 |       ||   299
       Headbutt          |     8 |    16 |    44 |     3 ||    71
       Trident           |       |       |   176 |       ||   176
       Glaive            |       |       |    16 |    18 ||    34
       Punch             |       |       |     1 |       ||     1
Throw: Boomerang         |       |       |     4 |       ||     4
Invok: Berserk           |     1 |     3 |     5 |       ||     9
       Brothers in Arms  |       |       |       |     1 ||     1
  Use: Scroll            |       |       |    17 |       ||    17
       Potion            |       |       |     4 |     5 ||     9
 Stab: Sleeping          |     2 |       |       |       ||     2
Armor: Animal skin       |     7 |       |       |       ||     7
       Ring mail         |     3 |    38 |    24 |       ||    65
       Scale mail        |       |       |    62 |    37 ||    99
Dodge: Dodged            |    39 |    56 |   149 |    24 ||   268

Table legend: (Time is in decaauts)
 A = Elapsed time spent in this place.
 B = Non-inter-level travel time spent in this place.
 C = Inter-level travel time spent in this place.
 D = Time resting spent in this place.
 E = Time spent auto-exploring this place.
 F = Levels seen in this place.
 G = Mean time per level.
                   A        B        C        D        E       F      G
               +--------+--------+--------+--------+--------+-----+--------+
         Total |   8640 |   7355 |   1285 |   1230 |   4937 |   9 |  960.0 |
       Dungeon |   8640 |   7355 |   1285 |   1230 |   4937 |   9 |  960.0 |
               +--------+--------+--------+--------+--------+-----+--------+

Top non-repeatable levels by time:
     D:8: 1430 daAuts
     D:7: 1224 daAuts
     D:1: 1118 daAuts
     D:3: 1085 daAuts
     D:5: 1053 daAuts
     D:2: 972 daAuts
     D:4: 845 daAuts
     D:6: 769 daAuts
     D:9: 140 daAuts
